 Dungeon Crawl Stone Soup version 0.28-a0-1292-gb4563b27b3 (webtiles) character file.

Game seed: 13978343807469452894

262 vejb the Vexing (level 5, -3/24 HPs)
             Began as a Spriggan Enchanter on Dec 27, 2021.
             Slain by Grinder (4 damage)
             ... while paralysed by Grinder
             ... on level 3 of the Dungeon.
             The game lasted 00:04:41 (2786 turns).

vejb the Vexing (Spriggan Enchanter)                Turns: 2786, Time: 00:04:42

Health: -3/24      AC:  2    Str:  6    XL:     5   Next: 97%
Magic:  13/14      EV:  4    Int: 16    God:
Gold:   80         SH:  0    Dex: 16    Spells: 7/15 levels left

rFire   . . .      SeeInvis +   a - +1 dagger
rCold   . . .      Faith    .   (shield restricted)
rNeg    . . .      Spirit   .   b - +0 robe
rPois   .          Reflect  .   (helmet restricted)
rElec   .          Harm     .   (no cloak)
rCorr   .          Rampage  .   (gloves unavailable)
Will    .....                   (boots unavailable)
Stlth   +++.......              g - amulet of magic regeneration
HPRegen 0.08/turn               (no ring)
MPRegen 0.54/turn               (no ring)

@: paralysed, invisible, very quick
A: very small, no large weapons, unfitting armour, see invisible, speed 3
a: no special abilities


You were on level 3 of the Dungeon.
You visited 1 branch of the dungeon, and saw 3 of its levels.

You collected 80 gold pieces.

Inventory:

Hand Weapons
 a - a +1 dagger (weapon)
Armour
 b - a +0 robe (worn)
Jewellery
 g - an amulet of magic regeneration (around neck)
Scrolls
 h - a scroll of identify
 i - a scroll of teleportation
Potions
 d - 2 potions of curing
 e - a potion of heal wounds
 f - 2 potions of lignification


   Skills:
 - Level 1.1 Short Blades
 - Level 2.6 Dodging
 + Level 4.5 Stealth
 + Level 5.7 Spellcasting
 + Level 6.2 Hexes


You had 7 spell levels left.
You knew the following spells:

 Your Spells              Type           Power      Damage    Failure   Level
a - Ensorcelled Hibernat  Hex/Ice        28%        N/A       6%          2
b - Tukima's Dance        Hex            24%        N/A       3%          3
c - Dazzling Flash        Conj/Hex       28%        N/A       12%         3

Your spell library contained the following spells:

 Spells                   Type           Power      Damage    Failure   Level
 Confusing Touch          Hex            24%        N/A       3%          3


Dungeon Overview and Level Annotations

Branches:
Dungeon (3/15)

Altars:

Annotations:
D:3 Grinder


Innate Abilities, Weirdness & Mutations

You are very small and have problems with some larger weapons.
You are too small for most types of armour.
You have supernaturally acute eyesight. (SInv)
You cover ground extremely quickly. (Speed+++)


Message History

Grinder is heavily wounded.
Grinder barely misses you.
You catch the helpless Grinder completely off-guard!
You puncture Grinder!
Grinder is severely wounded.
Grinder barely misses you.
You hit Grinder but do no damage.
Grinder is severely wounded.
Grinder gestures at you. Pain shoots through your body!
Unknown command.
You hit Grinder but do no damage.
Grinder is severely wounded.
Grinder is no longer blind.
Grinder zaps a wand.
The puff of flame misses you.
You fade into invisibility!
Grinder blinks!
Unknown command.
You start resting.
Grinder is nearby!
You aren't carrying any items that you can evoke.
Unknown command.
Okay, then.
Unknown command.
Unknown command.
Casting: Dazzling Flash (quite dangerous; 12% risk of failure)
Confirm with . or Enter, or press ? or * to list all spells.
The spell is quite dangerous to miscast (12% risk of failure)!
Continue anyway?
Casting: Dazzling Flash (quite dangerous; 12% risk of failure)
Press: ? - help, Dir - look around, f - activate Grinder is dazzled.
Grinder gestures at you.
You suddenly lose the ability to move!
Grinder says, "There's only one good use for a tongue: cutting it out."
Grinder zaps a wand.
The puff of flame hits you!
* * * LOW HITPOINT WARNING * * *
Grinder hits you but does no damage. Grinder hits you.
* * * LOW HITPOINT WARNING * * *
You writhe in agony.
You die...

#...#.#.#.#.......#.#.###.#####
#................##.##.#.##
#...#.#.#.###..#.##.###.##
#.......... #............#
....#.#.#. ##..#.##....†.# .
#...#.........# #..#####......#
#..#####......# #.5@.....######
#.######## #§# #.# #.# .5. ...
... #..##


You could see Grinder (blind).

Vanquished Creatures
  Sigmund (D:3)
  A hound (D:3)
  2 adders
  A worm (D:3)
  2 dart slugs
  An orc (D:3)
  4 ball pythons
  4 bats
  9 endoplasms
  A giant cockroach (D:1)
  6 goblins
  3 hobgoblins
  5 jackals (D:1)
  A quokka (D:3)
  5 rats
46 creatures vanquished.

Vanquished Creatures (others)
  A plant (D:1)
1 creature vanquished.

Grand Total: 47 creatures vanquished

Notes
Turn   | Place    | Note
-------+----------+-------------------------------------------
     0 | D:1      | vejb the Spriggan Enchanter began the quest for the Orb.
     0 | D:1      | Reached XP level 1. HP: 9/9 MP: 5/5
   172 | D:1      | Reached skill level 4 in Hexes
   172 | D:1      | Reached XP level 2. HP: 2/13 MP: 7/7
   175 | D:1      | Learned a level 2 spell: Ensorcelled Hibernation
   795 | D:1      | Found a faded altar of an unknown god.
  1738 | D:2      | Reached XP level 3. HP: 16/16 MP: 9/9
  1744 | D:2      | Learned a level 3 spell: Tukima's Dance
  1748 | D:2      | Learned a level 3 spell: Dazzling Flash
  2431 | D:3      | Reached skill level 5 in Hexes
  2431 | D:3      | Reached XP level 4. HP: 14/21 MP: 6/11
  2595 | D:3      | Noticed Sigmund
  2600 | D:3      | Killed Sigmund
  2601 | D:3      | Reached skill level 5 in Spellcasting
  2601 | D:3      | Reached skill level 6 in Hexes
  2601 | D:3      | Reached XP level 5. HP: 24/24 MP: 11/14
  2761 | D:3      | Noticed Grinder
  2763 | D:3      | HP: 1/24 [Grinder (3)]
  2782 | D:3      | Paralysed by Grinder for 5 turns
  2786 | D:3      | HP: 1/24 [Grinder (4)]
  2786 | D:3      | Slain by Grinder

Illustrated notes

Levels and vault maps discovered:
D:1:      elethiomel_arrival_infinity_welcomes_careful_drivers,
          layout_loops_corners, shapermc_ecumenical_altar_acropolis
D:2:      layout_basic
D:3:      layout_loops_cross, st_stairs_12, chequers_serial_rivers_micro_e,
          uniq_sigmund, uniq_grinder

Skill      XL: |  1  2  3  4 |
---------------+-------------+-----
Spellcasting   | 3 4 5 |  5.7
Hexes          | 4 5 6 |  6.2
Short Blades   | |  1.1
Dodging        | |  2.6
Stealth        | |  4.5

Action                   |  1- 3 |  4- 6 || total
-------------------------+-------+-------++-------
Melee: Dagger            |   119 |    32 ||   151
 Cast: Ensorcelled Hiber |    14 |     4 ||    18
       Dazzling Flash    |       |     2 ||     2
  Use: Scroll            |     7 |     1 ||     8
       Potion            |       |     2 ||     2
 Stab: Sleeping          |    22 |     6 ||    28
       Invisible         |       |     2 ||     2
Armor: Robe              |    15 |     2 ||    17
Dodge: Dodged            |    83 |    18 ||   101

Table legend: (Time is in decaauts)
 A = Elapsed time spent in this place.
 B = Non-inter-level travel time spent in this place.
 C = Inter-level travel time spent in this place.
 D = Time resting spent in this place.
 E = Time spent auto-exploring this place.
 F = Levels seen in this place.
 G = Mean time per level.
                   A        B        C        D        E       F      G
               +--------+--------+--------+--------+--------+-----+--------+
         Total |   2160 |   2138 |     22 |     22 |   1790 |   3 |  720.0 |
       Dungeon |   2160 |   2138 |     22 |     22 |   1790 |   3 |  720.0 |
               +--------+--------+--------+--------+--------+-----+--------+

Top non-repeatable levels by time:
     D:1: 1241 daAuts
     D:2: 558 daAuts
     D:3: 359 daAuts
